 Dungeon Crawl Stone Soup version 0.30-a0-1066-g63dfefce0d (webtiles) character file.

Game seed: 10462322196699654689

2 cforsyth the Caller (level 1, -1/11 HPs)
             Began as an Octopode Summoner on Apr 12, 2023.
             Slain by a cerulean imp
             ... wielding a +1 spear
             ... summoned by Natasha
              (4 damage)
             ... on level 2 of the Dungeon.
             The game lasted 00:00:31 (318 turns).

cforsyth the Caller (Octopode Summoner)              Turns: 318, Time: 00:00:32

Health: -1/11      AC:  1    Str:  7    XL:     1   Next: 40%
Magic:  3/3        EV: 13    Int: 17    God:
Gold:   26         SH:  0    Dex: 12    Spells: 3/4 levels left

rFire   . . .      SeeInvis .    (no weapon)
rCold   . . .      Faith    .    (no shield)
rNeg    . . .      Spirit   .    (helmet restricted)
rPois   .          Reflect  .    (no amulet)
rElec   .          Rampage  .    (no ring)
rCorr   .                        (no ring)
Will    .....                    (no ring)
Stlth   +++                      (no ring)
HPRegen 0.21/turn                (no ring)
MPRegen 0.08/turn                (no ring)
                                 (no ring)
                                 (no ring)

@: slowed, very slow
A: almost no armour, amphibious, 8 rings, camouflage 1, gelatinous body 1,
(nimble swimmer 1), tentacles
a: no special abilities


You were on level 2 of the Dungeon.
You visited 1 branch of the dungeon, and saw 2 of its levels.

You collected 26 gold pieces.

Inventory:

Scrolls
 c - a scroll of identify {unknown}
Potions
 a - a potion of magic
 b - a potion of flight {unknown}


   Skills:
 - Level 2.0 Dodging
 - Level 2.6 Stealth
 + Level 2.1 Spellcasting
 + Level 4.0 Summonings


You had 3 spell levels left.
You knew the following spells:

 Your Spells              Type           Power      Damage    Failure   Level
a - Summon Small Mammal   Summ           60%        N/A       3%          1

Your spell library contained the following spells:

 Spells                   Type           Power      Damage    Failure   Level
 Call Imp                 Summ           30%        N/A       5%          2
 Call Canine Familiar     Summ           15%        N/A       11%         3
 Summon Guardian Golem    Hex/Summ       8%         N/A       26%         3
 Summon Lightning Spire   Summ/Air       8%         N/A       63%         4


Dungeon Overview and Level Annotations

Branches:
Dungeon (1/15)

Altars:

Annotations:
D:2 Natasha


Innate Abilities, Weirdness & Mutations

You cannot wear most types of armour.
You are amphibious.
You can wear up to eight rings at the same time.
Your skin changes colour to match your surroundings (Stealth+).
Your rubbery body absorbs attacks. (AC +1, EV +1)
((You are camouflaged when in or above water. (Stealth+)))
You have tentacles for arms and can constrict up to eight enemies at once.


Message History

Natasha is nearby!
Casting: Summon Small Mammal (safe; 3% risk of failure)
Confirm with . or Enter, or press ? or * to list all spells.
You don't know that spell.
Casting: Summon Small Mammal (safe; 3% risk of failure)
Confirm with . or Enter, or press ? or * to list all spells.
You don't know that spell.
Casting: Summon Small Mammal (safe; 3% risk of failure)
Confirm with . or Enter, or press ? or * to list all spells.
You don't know that spell.
Natasha casts a spell.
Natasha casts a spell.
You see here a scarf of harm.
Casting: Summon Small Mammal (safe; 3% risk of failure)
Confirm with . or Enter, or press ? or * to list all spells.
You swap places.
Your rat misses the cerulean imp.
The cerulean imp hits your rat with a +0 spear.
Your rat dies!
Your rat's corpse disappears in a puff of smoke!
The cerulean imp hits you from afar with a +0 spear.
Natasha casts a spell.
The cerulean imp closely misses you. The cerulean imp completely misses you.
The cerulean imp disappears in a puff of smoke!
Natasha casts a spell at you. The magic dart hits you!
Ouch! That really hurt!
* * * LOW HITPOINT WARNING * * *
Natasha mumbles some strange words.
Unknown command.
Natasha mewls in sadness.
Natasha mumbles some strange words.
The cerulean imp hits you from afar with a +1 spear.
Natasha casts a spell at you.
You feel yourself slow down.
The cerulean imp hits you from afar with a +1 spear.
* * * LOW HITPOINT WARNING * * *
The cerulean imp completely misses you.
The cerulean imp hits you from afar with a +1 spear.
You die...

#........# #......5.#
#.....h..# #........#
#........# #........#
#........#
#############........#
.......@.5..5h..######
#################


You could see Natasha and 2 cerulean imps.

Vanquished Creatures
  A rat (D:1)
1 creature vanquished.

Vanquished Creatures (collateral kills)
  A goblin (D:1)
  A kobold (D:1)
2 creatures vanquished.

Grand Total: 3 creatures vanquished

Notes
Turn   | Place    | Note
-------+----------+-------------------------------------------
     0 | D:1      | cforsyth the Octopode Summoner began the quest for the Orb.
     0 | D:1      | Reached XP level 1. HP: 11/11 MP: 3/3
   200 | D:1      | You fall into a shaft and drop 1 floor!
   269 | D:2      | Noticed Natasha
   273 | D:2      | Noticed a cerulean imp
   279 | D:2      | Noticed a cerulean imp
   280 | D:2      | Noticed a cerulean imp
   303 | D:2      | Noticed a cerulean imp
   313 | D:2      | Noticed a cerulean imp
   318 | D:2      | Slain by a cerulean imp

Illustrated notes

Levels and vault maps discovered:
D:1:      dpeg_arrival_circle_labyrinth_c, layout_basic
D:2:      layout_basic, uniq_natasha

Action                     || total
---------------------------++-------
  Melee: Unarmed           ||     3
         Constrict         ||     1
         Punch             ||     1
   Cast: Summon Small Mamm ||     6
  Dodge: Dodged            ||     7

Table legend: (Time is in decaauts)
 A = Elapsed time spent in this place.
 B = Non-inter-level travel time spent in this place.
 C = Inter-level travel time spent in this place.
 D = Time resting spent in this place.
 E = Time spent auto-exploring this place.
 F = Levels seen in this place.
 G = Mean time per level.
                   A        B        C        D        E       F      G
               +--------+--------+--------+--------+--------+-----+--------+
         Total |    319 |    319 |      0 |      0 |    245 |   2 |  159.5 |
       Dungeon |    319 |    319 |      0 |      0 |    245 |   2 |  159.5 |
               +--------+--------+--------+--------+--------+-----+--------+

Top non-repeatable levels by time:
     D:1: 200 daAuts
     D:2: 119 daAuts
